Map: Seeds of Aiur

Players

meowmeowcute - Winner!

  • Race: Zerg Zerg
  • Spawn Location: 1:00

Anzu - Winner!

  • Race: Zerg Zerg
  • Spawn Location: 1:00

VOD

Have the link to the VOD?

Description

Time

  • Played on: Dec. 22, 2017, 3:36 p.m.
  • Length: 16:01
Show
View Real Time Build Order
Export as new Build Order

meowmeowcute Zerg - Winner!

Build Orders:  

Get SALT Encoding   

  12  0:12  Overlord  
  12  0:19  Drone  
  13  0:26  Drone  
  14  0:48  Drone  
  14  0:49  Drone  
  16  1:07  Evolution Chamber  
  15  1:19  Spawning Pool  
  14  2:04  Drone  
  14  2:05  Drone  
  14  2:06  Drone  
  17  2:19  Extractor  
  16  2:24  Extractor  
  16  2:26  Drone  
  16  2:43  Queen  
  18  3:10  Roach Warren  
  17  3:24  Drone  
  17  3:25  Drone x2  
  20  4:30  Lair  
  20  4:39  Drone x2  
  22  4:43  Overlord  
  22  5:13  Drone x2  
  24  5:40  Hatchery  
  24  5:46  Drone  
  24  5:49  Drone  
  25  6:03  Infestation Pit  
  24  6:15  Queen  
  24  6:17  Spire  
  25  6:22  Roach  
  25  6:23  Roach  
  25  6:26  Overlord x2  
  29  6:51  Roach  
  29  6:53  Roach  
  33  7:05  Queen  
  35  7:16  Roach  
  35  7:17  Roach x2  
  41  7:33  Nydus Network  
  41  7:36  Roach  
  42  7:45  Drone x2  
  44  8:28  Queen  
  46  8:30  Spine Crawler, Drone x2  
  46  8:31  Drone  
  48  8:55  Mutalisk x2  
  48  8:58  Overlord  
  48  8:59  Overlord x2  
  52  9:01  Overlord  
  52  9:19  Zerg Missile Weapons Level 1  
  52  9:33  Drone x3  
  55  9:53  Hive  
  55  10:26  Roach x4  
  55  10:27  Roach  
  65  10:47  Drone  
  66  11:21  Mutalisk  
  66  11:22  Mutalisk x3  
  74  11:34  Extractor  
  74  11:37  Extractor  
  72  12:04  Zerg Ground Armor Level 1  
  72  12:22  Mutalisk  
  74  12:57  Drone  
  74  12:58  Drone  
  76  13:00  Overlord x2  
  76  13:01  Overlord x3  
  76  13:02  Overlord  
  74  13:54  Drone  
  74  13:55  Drone x4  
  75  15:06  Mutalisk x3  
  75  15:07  Mutalisk x3  
  87  15:20  Mutalisk x4  
  87  15:21  Mutalisk x3  
Show
View Real Time Build Order
Export as new Build Order

Anzu Zerg - Winner!

Build Orders:  

Get SALT Encoding   

  12  0:02  Drone  
  13  0:13  Drone  
  14  0:39  Spawning Pool  
  13  0:43  Drone  
  14  1:08  Evolution Chamber, Drone  
  14  1:20  Overlord  
  14  1:34  Extractor  
  14  1:35  Drone  
  14  1:48  Queen  
  16  1:50  Drone x2  
  18  2:02  Zergling x2  
  19  2:10  Drone  
  20  2:26  Roach Warren  
  19  2:32  Drone  
  20  2:46  Drone  
  21  2:55  Zergling x2  
  22  3:11  Overlord  
  22  3:20  Extractor  
  22  3:26  Drone  
  22  3:33  Spine Crawler  
  22  3:34  Drone  
  22  3:57  Hatchery  
  22  3:59  Drone  
  22  4:15  Roach x2  
  22  4:19  Drone  
  27  4:29  Zerg Missile Weapons Level 1  
  27  4:33  Drone  
  28  4:43  Zergling x2  
  29  4:53  Drone  
  29  4:59  Overlord  
  30  5:00  Lair  
  30  5:40  Drone  
  30  5:42  Overlord  
  30  5:44  Roach  
  33  5:53  Queen  
  33  5:55  Drone x2  
  37  6:20  Spore Crawler, Drone  
  37  6:37  Zergling x4  
  37  6:38  Zergling x4  
  41  6:44  Glial Reconstitution  
  41  7:00  Overlord x2  
  41  7:02  Drone  
  41  7:05  Drone  
  43  7:28  Spire  
  42  7:30  Infestation Pit  
  42  7:33  Drone x2  
  42  7:39  Metabolic Boost  
  43  7:42  Drone x2  
  45  8:17  Hatchery  
  44  8:28  Roach  
  44  8:29  Roach x2  
  50  8:31  Drone x2  
  50  8:32  Drone  
  53  9:15  Zerg Flyer Weapons Level 1  
  53  9:19  Zerg Missile Weapons Level 2  
  53  9:21  Mutalisk  
  53  9:25  Overlord x2  
  55  9:32  Extractor  
  55  9:34  Extractor  
  55  9:37  Drone  
  53  10:01  Mutalisk x2  
  57  10:21  Queen  
  59  10:32  Drone  
  59  10:33  Drone x3  
  63  10:53  Drone x3  
  65  11:13  Drone  
  65  11:14  Drone x2  
  68  11:20  Mutalisk x3  
  68  11:21  Mutalisk x2  
  68  11:22  Overlord  
  78  11:30  Extractor  
  78  11:33  Drone  
  78  11:34  Extractor  
  77  11:46  Mutalisk x3  
  77  11:49  Zergling x2  
  84  12:18  Drone x2  
  86  12:36  Drone x2  
  86  12:39  Overlord  
  88  12:41  Overlord  
  88  12:42  Overlord  
  88  12:43  Mutalisk x4  
  88  12:47  Drone x2  
  98  13:09  Mutalisk  
  100  13:10  Mutalisk x2  
  99  13:46  Drone x2  
  99  13:47  Drone  
  102  13:50  Mutalisk x2  
  106  14:20  Mutalisk x6  
  118  14:38  Mutalisk  
  120  14:49  Zergling x2  
  121  14:51  Overlord  
  121  14:55  Overlord x3  
Tags
 
Add a new tag
Caveats
  • Supply blocks, unpowered buildings, or Contaminate may cause inaccurate times.
  • Supply counts are checked every 10 seconds.